 Dungeon Crawl Stone Soup version 0.18-a0 (webtiles) character file.

10154 Archteshnor the Covert (level 11, 0/58 HPs)
             Began as a Vine Stalker Assassin on Oct 29, 2015.
             Was an Elder of Dithmenos.
             Slain by a blink frog (6 damage)
             ... on level 3 of the Lair of Beasts on Oct 30, 2015.
             The game lasted 01:54:00 (12618 turns).

Archteshnor the Covert (Vine Stalker Assassin)     Turns: 12618, Time: 01:54:00

Health: 0/58       AC:  8    Str: 13    XL:     11   Next: 57%
Magic:  0/12       EV: 19    Int: 11    God:    Dithmenos [****..]
Gold:   569        SH:  0    Dex: 20    Spells: 0 memorised, 10 levels left

rFire  + . .     SeeInvis .     C - +2 falchion (elec)
rCold  + . .     Clarity  .     I - +2 robe {rC+ rF+}
rNeg   . . .     SustAt   .     (no shield)
rPois  .         Gourm    .     x - +0 helmet
rElec  .         Spirit   +     d - +1 cloak
rCorr  .         Warding  .     (no gloves)
rMut   .         Stasis   .     n - +0 pair of boots
MR     +....                    (no amulet)
Stlth  ++++++++..               (no ring)
                                (no ring)

@: wreathed by umbra, somewhat resistant to hostile enchantments,
extraordinarily stealthy
A: fangs 3, regeneration 2, magic shield, antimagic bite, no device heal 3, rot
immunity
a: Shadow Step, Renounce Religion


You were on level 3 of the Lair of Beasts.
You worshipped Dithmenos.
Dithmenos was greatly pleased with you.
You were not hungry.

You visited 3 branches of the dungeon, and saw 12 of its levels.

You collected 569 gold pieces.

Inventory:

Hand Weapons
 a - a +2 dagger
 b - a +0 blowgun
 C - a +2 falchion of electrocution (weapon)
Missiles
 e - 49 poisoned needles (quivered)
 f - 2 curare-tipped needles
 K - 3 javelins of penetration
Armour
 d - a +1 cloak (worn)
 n - a +0 pair of boots (worn)
 x - a +0 helmet (worn)
 G - a +0 robe of magic resistance
 I - a +2 robe of resistance (worn)
Jewellery
 y - an uncursed ring of ice
 F - an uncursed ring of ice
Wands
 i - a wand of cold (8)
 j - a wand of polymorph (11)
 p - a wand of digging (10)
 q - a wand of cold (8)
 s - a wand of paralysis (23)
Scrolls
 h - 2 scrolls of teleportation
 l - a scroll of amnesia
 m - 3 scrolls of fog
 o - 3 scrolls of magic mapping
 v - 5 scrolls of noise
 A - a scroll of torment
 D - 2 scrolls of enchant armour
 E - a scroll of identify
 L - a scroll of remove curse
Potions
 r - 2 potions of agility
 u - 7 potions of curing
 w - 3 potions of berserk rage
 B - a potion of brilliance
 H - a potion of cancellation {unknown}
Comestibles
 c - 2 royal jellies
 g - 9 bread rations
 k - a chunk of flesh
 t - 2 fruits
 z - 3 meat rations


   Skills:
 + Level 7.0 Fighting
 - Level 10.3 Short Blades
 - Level 1.7 Throwing
 * Level 7.7 Dodging
 - Level 11.1 Stealth


You had 10 spell levels left.
You didn't know any spells.

Dungeon Overview and Level Annotations

Branches:
Dungeon (8/15)             Temple (1/1) D:4            Lair (3/8) D:8
  Swamp: Lair:3-6    Shoals: Lair:3-6     Snake: Lair:3-6    Spider: Lair:3-6

Altars:
Ashenzari
Dithmenos
Elyvilon
Fedhas
Gozag
Kikubaaqudgha
Makhleb
Nemelex Xobeh
Okawaru
Qazlal
Ru
Sif Muna
Trog
Vehumet
Xom
Zin
The Shining One

Annotations:
D:2 exclusion: downstairs
D:3 Geomchi's ghost, weakling DsGl
D:4 Maka's ghost, novice DrTm
D:7 exclusion: 2 killer bees
D:8 hill orc, exclusion: hill giant
Lair:2 Prince Ribbit


Innate Abilities, Weirdness & Mutations

You have razor-sharp teeth.
You heal very quickly.
When hurt, damage is shared between your health and your magic reserves.
Your bite disrupts and absorbs the magic of your enemies.
Potions and wands cannot restore your health.
You are immune to rotting.


Message History

The blink frog misses you. The blink frog completely misses you.
You hit the blink frog.
The blink frog is heavily wounded.
The blink frog barely misses you. The blink frog hits you!
* * * LOW HITPOINT WARNING * * *
You slash the blink frog! You bite the blink frog.
The blink frog's magic leaks into the air.
You drain its magic.
You feel invigorated.
The blink frog is almost dead.
The blink frog misses you. The blink frog hits you!
* * * LOW HITPOINT WARNING * * *
The blink frog blinks!
The blink frog completely misses you. The blink frog barely misses you.
Things that are here:
a blink frog corpse x2
The blink frog momentarily phases out as your attack passes through it.
Your bite misses the blink frog.
The blink frog is almost dead.
The blink frog hits you!
You die...

.. ####### ...#.....+
#..##.รท.## ..##...#
#.#F###### .##
#.##@#.#.#####..P#
#######...F.............
........................
##....................
###.<................
##.................
#...............F.
#.............F...
..................


You could see 2 blink frogs.

Vanquished Creatures
  Erica (Lair:1)
  Pikel (D:8)
  Joseph (Lair:1)
  3 spiny frogs (Lair:2)
  Psyche (D:8)
  3 fire drakes (Lair:2)
  8 blink frogs
  7 yaks
  A wyvern (D:8)
  A hippogriff (Lair:1)
  Grum (D:8)
  2 wolves (D:8)
  2 basilisks
  A water moccasin (Lair:2)
  Duvessa (D:5)
  An ice beast (D:6)
  A sky beast (D:5)
  4 porcupines
  A black bear (Lair:1)
  4 slaves (D:8)
  An orc warrior (D:7)
  5 crocodiles
  2 ogres
  A centaur (D:6)
  2 giant frogs
  Blork the orc (D:5)
  Dowan (D:5)
  A wyvern skeleton (D:7)
  3 scorpions
  4 crimson imps
  2 quasits (D:8)
  A giant frog zombie (D:8)
  6 iguanas
  5 orc priests
  A gnoll shaman (D:7)
  2 hounds (D:8)
  3 orc wizards (D:8)
  Jessica (D:3)
  A centaur skeleton (D:6)
  2 giant frog skeletons
  6 worker ants
  Robin (D:4)
  11 gnolls
  7 adders
  10 river rats
  4 shadow imps
  An adder zombie (D:8)
  4 worms
  10 giant geckos
  16 orcs
  5 giant cockroaches
  11 hobgoblins
  2 jackals (D:8)
  4 kobolds
  A ball python (D:2)
  11 bats
  9 giant newts
  15 goblins
  2 quokkas
  A quokka skeleton (D:4)
  2 quokka zombies
  10 rats
  A fungus (Lair:1)
  A plant (Lair:1)
235 creatures vanquished.

Vanquished Creatures (others)
  21 fungi
  5 plants (D:8)
26 creatures vanquished.

Grand Total: 261 creatures vanquished

Notes
Turn   | Place    | Note
--------------------------------------------------------------
     0 | D:1      | Archteshnor the Vine Stalker Assassin began the quest for the Orb.
     0 | D:1      | Reached XP level 1. HP: 11/11 MP: 2/2
    61 | D:1      | Reached skill level 5 in Stealth
    66 | D:1      | Reached XP level 2. HP: 13/15 MP: 3/3
   542 | D:2      | Reached XP level 3. HP: 18/18 MP: 4/4
   588 | D:2      | Found a shadowy altar of Dithmenos.
   601 | D:2      | Became a worshipper of Dithmenos the Shadowed
   901 | D:2      | Reached XP level 4. HP: 20/23 MP: 5/5
  1188 | D:3      | Noticed Geomchi's ghost (weakling DsGl)
  1488 | D:3      | Reached skill level 6 in Stealth
  1650 | D:3      | Reached * piety under Dithmenos
  2153 | D:3      | Reached XP level 5. HP: 26/26 MP: 6/6
  2220 | D:3      | Noticed Jessica
  2247 | D:3      | Killed Jessica
  2319 | D:3      | Found a deep blue altar of Sif Muna.
  2566 | D:4      | Found a staircase to the Ecumenical Temple.
  2645 | Temple   | Entered the Ecumenical Temple
  2922 | D:4      | Noticed Maka's ghost (novice DrTm)
  3090 | D:3      | Gained mutation: You heal very quickly. [Vine Stalker growth]
  3090 | D:3      | Reached XP level 6. HP: 30/30 MP: 7/7
  3182 | D:4      | Found a sparkling altar of Nemelex Xobeh.
  3365 | D:4      | Noticed Robin
  3757 | D:5      | Entered Level 5 of the Dungeon
  3852 | D:5      | Found a bloodstained altar of Trog.
  3888 | D:5      | Reached skill level 5 in Short Blades
  3888 | D:5      | Reached skill level 7 in Stealth
  3957 | D:5      | Noticed Blork the orc
  4287 | D:5      | Noticed Dowan
  4335 | D:5      | Noticed Duvessa
  4709 | D:4      | HP: 1/30 [hobgoblin/club[Robin] (1)]
  4774 | D:4      | Reached ** piety under Dithmenos
  4808 | D:4      | Killed Robin
  4932 | D:4      | Found a shimmering altar of Xom.
  5090 | D:5      | Killed Duvessa
  5090 | D:5      | Reached XP level 7. HP: 11/34 MP: 3/8
  5100 | D:5      | Killed Dowan
  5534 | D:6      | Reached skill level 8 in Stealth
  5741 | D:6      | Gained mutation: You have razor-sharp teeth. [Vine Stalker growth]
  5741 | D:6      | Reached XP level 8. HP: 27/38 MP: 7/9
  5907 | D:6      | Reached skill level 1 in Dodging
  7003 | D:7      | Found a blossoming altar of Fedhas.
  8371 | D:8      | Noticed a hill giant
  8426 | D:8      | Noticed Psyche
  8443 | D:8      | Paralysed by Psyche for 2 turns
  8453 | D:8      | Killed Psyche
  8453 | D:8      | Reached skill level 5 in Dodging
  8453 | D:8      | Reached XP level 9. HP: 35/45 MP: 3/10
  8615 | D:8      | Noticed Pikel
  8690 | D:8      | Killed Pikel
  9051 | D:8      | Reached skill level 9 in Stealth
  9145 | D:8      | Noticed Grum
  9158 | D:8      | Reached *** piety under Dithmenos
  9209 | D:8      | Killed Grum
  9422 | D:8      | Reached skill level 10 in Stealth
  9422 | D:8      | Reached XP level 10. HP: 35/50 MP: 6/11
  9469 | D:8      | Found a staircase to the Lair.
  9569 | D:8      | Found an opulent altar of Gozag.
  9987 | D:5      | Killed Blork the orc
 10170 | D:3      | Found a glowing golden altar of the Shining One.
 10465 | Lair:1   | Entered Level 1 of the Lair of Beasts
 10586 | Lair:1   | Reached skill level 5 in Fighting
 11019 | Lair:1   | Upgraded the game from 0.17-a0-2231-gd80ca38 to 0.18-a0
 11471 | Lair:1   | Noticed Erica
 11477 | Lair:1   | Killed Erica
 11477 | Lair:1   | Reached skill level 10 in Short Blades
 11477 | Lair:1   | Reached skill level 11 in Stealth
 11477 | Lair:1   | Reached XP level 11. HP: 56/56 MP: 7/12
 11514 | Lair:1   | Noticed Joseph
 11518 | Lair:1   | Killed Joseph
 12194 | Lair:2   | Noticed Prince Ribbit
 12353 | Lair:2   | Identified a scroll of acquirement
 12354 | Lair:2   | Got a spiked plate armour
 12356 | Lair:2   | fuck you too
 12360 | Lair:2   | FUCK YOU TOO
 12569 | Lair:3   | Reached **** piety under Dithmenos
 12618 | Lair:3   | Slain by a blink frog

Vault maps used:
D:1:      mrwooster_arrival_arrow
D:2:      nicolae_dithmenos_through_a_glass_darkly
D:3:      lemuel_upstairs_altar, tgw_sif
D:4:      led_xom_imps, minmay_temple_entry_statues_fountains, nemelex_deck,
          uniq_robin
D:5:      nicolae_overflow_crystal_walls, first_bread, uniq_duvessa,
          uniq_blork_the_orc
D:7:      fedhas_altar_4
D:8:      marbit_many_paths, due_lair_maze_entry_diamond, uniq_grum, uniq_pikel,
          uniq_psyche
Temple:   nicolae_temple_x_marks_the_god
Lair:1:   nicolae_quartered_pool_medium, uniq_joseph, uniq_erica
Lair:2:   uniq_prince_ribbit2
Lair:3:   kennysheep_abandoned_house, lab_entry_generic, uniq_snorg

Action                   |  1- 3 |  4- 6 |  7- 9 | 10-12 || total
-------------------------+-------+-------+-------+-------++-------
Melee: Dagger            |    72 |   285 |    49 |    38 ||   444
       Falchion          |       |       |   228 |   202 ||   430
 Fire: Blowgun           |     3 |    25 |    19 |       ||    47
Throw: Stone             |       |     9 |    23 |       ||    32
Invok: Shadow Step       |       |       |       |     3 ||     3
  Use: Scroll            |       |    10 |     9 |     5 ||    24
       Potion            |       |     2 |       |       ||     2
 Stab: Sleeping          |     9 |    11 |    18 |    22 ||    60
       Distracted        |       |     1 |     3 |     2 ||     6
       Invisible         |       |     2 |       |       ||     2
  Eat: Chunk             |       |     3 |     8 |     7 ||    18
       Meat ration       |       |     2 |     1 |       ||     3
       Pizza             |       |       |     1 |       ||     1
       Beef jerky        |       |       |       |     2 ||     2
